 Dungeon Crawl Stone Soup version 0.25-a0-464-g3004169c2b (webtiles) character file.

Game seed: 2903126265867114219, levelgen mode: deterministic

2602 Nattfarinn the Fighter (level 9, -1/82 HPs)
             Began as a Hill Orc Fire Elementalist on Feb 4, 2020.
             Slain by a hippogriff (6 damage)
             ... on level 8 of the Dungeon.
             The game lasted 00:18:49 (9275 turns).

Nattfarinn the Fighter (Hill Orc Fire Elementalist) Turns: 9275, Time: 00:18:50

Health: -1/82      AC:  8    Str: 14    XL:     9   Next: 59%
Magic:  10/11      EV: 12    Int: 15    God:
Gold:   393        SH:  0    Dex: 11    Spells: 7/11 levels left

rFire    + . .     SeeInvis .   F - +1 broad axe (vorpal)
rCold    x . .     Gourm    .   (no shield)
rNeg     . . .     Faith    .   b - +2 steam dragon scales
rPois    .         Spirit   .   (no helmet)
rElec    .         Reflect  .   (no cloak)
rCorr    .         Harm     .   (no gloves)
MR       +....                  (no boots)
Stlth    ++........             (no amulet)
HPRegen  0.23/turn              B - ring of fire
MPRegen  0.12/turn              D - ring of protection from magic

@: no status effects
A: no striking features
a: no special abilities


You were on level 8 of the Dungeon.
You were not hungry.

You visited 1 branch of the dungeon, and saw 8 of its levels.

You collected 393 gold pieces.

Inventory:

Hand Weapons
 h - a +1 whip of draining
 k - a +4 short sword of draining
 F - a +1 vorpal broad axe (weapon)
Missiles
 g - 3 atropa-tipped darts (quivered)
Armour
 a - a +0 robe
 b - +2 steam dragon scales (worn)
 d - the +1 ring mail "Soolipuh" {rCorr Str+3}
   (You found it on level 5 of the Dungeon)

   It affects your strength (+3).
   It provides partial protection from all sources of acid and corrosion.
   If you switch to wearing this armour, your AC will fall 1 point (8 -> 7)
 i - a +4 scale mail
Jewellery
 B - a ring of fire (left hand)
 D - a ring of protection from magic (right hand)
 G - an uncursed ring of magical power
Wands
 E - a wand of flame (7)
 J - a wand of digging (6)
Scrolls
 j - 3 scrolls of teleportation
 m - a scroll of summoning {unknown}
 n - a scroll of fog {unknown}
 p - 2 scrolls of remove curse
 q - 2 scrolls of magic mapping
 t - a scroll of enchant armour {unknown}
 v - 4 scrolls of random uselessness
 w - 4 scrolls of amnesia
 y - 2 scrolls of immolation
 z - 2 scrolls of fear {unknown}
 I - a scroll of acquirement {unknown}
Potions
 e - 2 potions of magic {unknown}
 f - 2 potions of resistance {unknown}
 l - 3 potions of agility {unknown}
 o - a potion of cancellation {unknown}
 r - 2 potions of haste {unknown}
 s - 3 potions of curing {unknown}
 u - a potion of degeneration {unknown}
 x - a potion of mutation {unknown}
 A - a potion of invisibility {unknown}
 C - 2 potions of brilliance {unknown}
Comestibles
 c - 12 rations
 H - 6 chunks of flesh


   Skills:
 + Level 8.8 Fighting
 + Level 0.9 Axes
 + Level 5.3 Armour
 - Level 1.5 Dodging
 - Level 1.5 Stealth
 - Level 1.5 Spellcasting
 + Level 5.0 Conjurations
 * Level 8.7 Fire Magic


You had 7 spell levels left.
You knew the following spells:

 Your Spells              Type           Power        Failure   Level  Hunger
a - Foxfire               Conj/Fire      ####         1%          1    ##.....
b - Conjure Flame         Conj/Fire      ####....     4%          3    ####...

Your spell library contained the following spells:

 Spells                   Type           Power        Failure   Level  Hunger
 Inner Flame              Hex/Fire       ###.....     12%         3    ####...
 Sticky Flame             Conj/Fire      ####....     14%         4    #####..
 Fireball                 Conj/Fire      ####......   36%         5    ######.
 Bolt of Magma            Conj/Fire/Erth ###.......   67%         5    ######.
 Iskenderun's Battlesphe  Conj/Chrm      #.......     92%         5    ######.
 Iron Shot                Conj/Erth      #.........   100%        6    #######
 Orb of Destruction       Conj           ###.......   100%        7    #######
 Spellforged Servitor     Conj/Summ      #.........   100%        7    #######


Dungeon Overview and Level Annotations

Branches:
Dungeon (8/15)             Temple (0/1) D:7
   Lair: D:8-11

Altars:
Ashenzari
Kikubaaqudgha
Makhleb
Qazlal
Ru
Sif Muna
Trog
Uskayaw
Vehumet
Wu Jian
Xom
Zin
The Shining One


Message History

You hit the hippogriff but do no damage.
The hippogriff is severely wounded.
The hippogriff bites you.
* * * LOW HITPOINT WARNING * * *
The hippogriff completely misses you. The hippogriff barely misses you.
The hippogriff bites you but does no damage.
The hippogriff pecks you.
* * * LOW HITPOINT WARNING * * *
The hippogriff claws you.
* * * LOW HITPOINT WARNING * * *
Okay, then.
Okay, then.
Casting: Foxfire (safe; 1% risk of failure)
Confirm with . or Enter, or press ? or * to list all spells.
You feel a surge of power!
You conjure some foxfire!
The hippogriff bites you but does no damage.
The hippogriff pecks you.
* * * LOW HITPOINT WARNING * * *
The hippogriff claws you.
You die...

...#.#.####.#######
...............[..#
...########.#####.##
.....# #.#......#
...#.######.#.##..##
...#.#......#.##..#
...#.#.######.##..#
.#.#.#.# #.##vv#
.#<#.#.# #.##@.#
.#.#.#.# #.##H.#
...#.#.## #.##..#
........#####.##..#
..............#....
........#######..###
........# ..#
........# #..#
.....####


You could see a hippogriff.

Vanquished Creatures
  Maggie (D:7)
  An acid dragon (D:7)
  4 sky beasts
  An ice beast (D:7)
  2 phantoms
  A black bear (D:6)
  2 centaurs
  2 big kobolds
  2 bullfrogs
  A scorpion (D:5)
  2 crimson imps
  2 bullfrog zombies
  5 hounds
  An orc priest (D:7)
  6 orc wizards
  2 bullfrog skeletons
  An iguana (D:5)
  2 worker ants (D:5)
  A hound zombie (D:7)
  2 hound skeletons (D:6)
  A worker ant zombie (D:7)
  11 gnolls
  7 adders
  2 shadow imps (D:7)
  An ooze (D:4)
  3 adder skeletons
  5 worms
  2 dart slugs (D:3)
  7 leopard geckos
  16 orcs
  9 giant cockroaches
  9 hobgoblins
  13 jackals
  4 quokkas
  2 ball pythons
  6 bats
  6 frilled lizards
  8 goblins
  25 kobolds
  A leopard gecko skeleton (D:7)
  A quokka skeleton (D:5)
  7 rats
187 creatures vanquished.

Vanquished Creatures (others)
  201 foxfires
201 creatures vanquished.

Grand Total: 388 creatures vanquished

Notes
Turn   | Place    | Note
-------+----------+-------------------------------------------
     0 | D:1      | Nattfarinn the Hill Orc Fire Elementalist began the quest
                  | for the Orb.
     0 | D:1      | Reached XP level 1. HP: 14/14 MP: 3/3
   357 | D:1      | Reached skill level 1 in Fighting
   369 | D:1      | Reached XP level 2. HP: 16/23 MP: 0/4
   960 | D:1      | Reached XP level 3. HP: 25/29 MP: 3/5
  1312 | D:2      | Reached skill level 1 in Armour
  1354 | D:2      | Reached XP level 4. HP: 36/36 MP: 6/6
  1852 | D:2      | Found a glowing silver altar of Zin.
  1854 | D:2      | Found a shattered altar of Ashenzari.
  1854 | D:2      | Found a burning altar of Makhleb.
  2065 | D:2      | Reached XP level 5. HP: 9/45 MP: 2/7
  2503 | D:2      | Found a shimmering altar of Xom.
  2503 | D:2      | Found a glowing silver altar of Zin.
  2503 | D:2      | Found a burning altar of Makhleb.
  3200 | D:3      | Reached XP level 6. HP: 35/52 MP: 8/8
  3428 | D:3      | Found a radiant altar of Vehumet.
  3686 | D:3      | Reached skill level 5 in Fire Magic
  3846 | D:4      | Found a shimmering blue altar of Sif Muna.
  4475 | D:4      | Reached XP level 7. HP: 40/60 MP: 3/9
  4675 | D:5      | Entered Level 5 of the Dungeon
  4766 | D:5      | Found a stormy altar of Qazlal.
  5046 | D:5      | Reached skill level 5 in Fighting
  5327 | D:5      | Noticed a moth of wrath
  5330 | D:5      | Found a bloodstained altar of Trog.
  5627 | D:5      | Found a sacrificial altar of Ru.
  5628 | D:5      | Found a burning altar of Makhleb.
  5638 | D:5      | Got a shimmering ring mail
  5649 | D:5      | Identified the cursed +1 ring mail "Soolipuh" {rCorr Str+3}
                  | (You found it on level 5 of the Dungeon)
  6112 | D:6      | Found an ornate altar of the Wu Jian Council.
  6143 | D:6      | Learned a level 3 spell: Conjure Flame
  6211 | D:6      | Reached XP level 8. HP: 69/70 MP: 4/10
  6264 | D:6      | Found a hide-covered altar of Uskayaw.
  6976 | D:6      | Found a glowing golden altar of the Shining One.
  7286 | D:7      | Found a shattered altar of Ashenzari.
  7370 | D:7      | Found an ancient bone altar of Kikubaaqudgha.
  7640 | D:7      | Noticed Maggie
  7654 | D:7      | Found a staircase to the Ecumenical Temple.
  7946 | D:7      | Reached XP level 9. HP: 59/80 MP: 11/11
  8670 | D:7      | Reached skill level 5 in Armour
  8688 | D:7      | Killed Maggie
  8987 | D:8      | Reached skill level 5 in Conjurations
  9148 | D:8      | Found a bloodstained altar of Trog.
  9275 | D:8      | Slain by a hippogriff

Levels and vault maps discovered:
D:1:      minmay_arrival_wavy_path, layout_basic, serial_curves, eino_curves_02,
          eino_curves_03
D:2:      layout_basic, first_ration, doesnt_xom_only_xom
D:3:      layout_basic, vehumet_crystals, cheibrodos_gnoll_hut
D:4:      layout_rooms, led_sif_book
D:5:      layout_loops_corners, nicolae_qazlal_general_emergency,
          gammafunk_temple_overflow_pools, tgw_trog
D:6:      layout_loops_ring, old_standard_altar, eat_drink_and_be_merry_uskayaw,
          nicolae_overflow_hidden_temple
D:7:      layout_gridville, ashenzari_conservatory_becter,
          kiku_gazebo_garden_becter, minmay_temple_entry_wispy,
          minmay_quadrilaterals, uniq_maggie
D:8:      layout_basic, gammafunk_temple_overflow_claw, grunt_ministairs_13,
          david_nohive_1, serial_bayou_pond_c, trog_hazing_becter

Skill      XL: |  1  2  3  4  5  6  7  8  9 |
---------------+----------------------------+-----
Fighting       | 1 2 3 4 6 7 8 |  8.8
Armour         | 1 2 3 4 5 |  5.3
Fire Magic     | 4 5 6 7 8 |  8.7
Conjurations   | 2 3 4 5 |  5.0
Axes           | |  0.9
Dodging        | |  1.5
Stealth        | |  1.5
Spellcasting   | |  1.5

Action                   |  1- 3 |  4- 6 |  7- 9 || total
-------------------------+-------+-------+-------++-------
Melee: Unarmed           |    84 |       |       ||    84
       Short sword       |    44 |   202 |   352 ||   598
       Broad axe         |       |       |    40 ||    40
 Cast: Foxfire           |    27 |    44 |    54 ||   125
       Conjure Flame     |       |       |     3 ||     3
Evoke: Wand              |       |       |    10 ||    10
  Use: Scroll            |       |       |    11 ||    11
       Potion            |       |       |     4 ||     4
 Stab: Sleeping          |     1 |       |     1 ||     2
  Eat: Chunk             |     2 |    12 |    11 ||    25
       Ration            |       |       |     2 ||     2
Armor: Robe              |    11 |       |       ||    11
       Scale mail        |    58 |   163 |    56 ||   277
       Ring mail         |       |       |   117 ||   117
       Steam dragon scal |       |       |    41 ||    41
Dodge: Dodged            |    92 |   162 |   248 ||   502

Table legend:
 A = Non-vault XP
 B = Vault XP
 C = Vault XP percentage of total XP
 D = Non-vault monster count
 E = Vault monster count
 F = Vault count percentage of total count
                 A         B        C        D         E       F
            +---------+---------+-------+---------+---------+-------
      Total |    2884 |     834 |  22.4 |     165 |      22 |  11.8
            +---------+---------+-------+---------+---------+-------
        D:1 |      46 |       0 |   0.0 |      29 |       0 |   0.0
        D:2 |     124 |       0 |   0.0 |      22 |       0 |   0.0
        D:3 |     177 |      99 |  35.9 |      32 |       3 |   8.6
        D:4 |     157 |      80 |  33.8 |      11 |       2 |  15.4
        D:5 |     324 |      13 |   3.9 |      12 |       5 |  29.4
        D:6 |     826 |       0 |   0.0 |      22 |       0 |   0.0
        D:7 |     934 |     633 |  40.4 |      31 |       6 |  16.2
        D:8 |     296 |       9 |   3.0 |       6 |       6 |  50.0
            +---------+---------+-------+---------+---------+-------
